 Dungeon Crawl Stone Soup version 0.22-a0-223-g0f5d773 (webtiles) character file.

86 4thArraOfDagon the Bolt Thrower (level 4, -2/28 HPs)
             Began as an Octopode Arcane Marksman on Feb 18, 2018.
             Slain by a centaur skeleton (3 damage)
             ... on level 4 of the Dungeon.
             The game lasted 00:02:22 (327 turns).

4thArraOfDagon the Bolt Thrower (OpAM)               Turns: 327, Time: 00:02:22

Health: -2/28      AC:  1    Str:  8 (9)  XL:     4   Next: 49%
Magic:  5/5        EV: 13    Int: 13 (16) God:
Gold:   10         SH:  0    Dex: 11 (12) Spells: 4/5 levels left

rFire    . . .     SeeInvis .   a - +0 hand crossbow
rCold    . . .     Gourm    .   (no shield)
rNeg     . . .     Faith    .   (helmet restricted)
rPois    .         Spirit   .   (no amulet)
rElec    .         Reflect  .   (no ring)
rCorr    .         Harm     .   (no ring)
MR       .....                  (no ring)
Stlth    ++........             (no ring)
HPRegen  0.09/turn              (no ring)
MPRegen  0.09/turn              (no ring)
                                (no ring)
                                (no ring)

@: no status effects
A: almost no armour, stealthy swim, amphibious, 8 rings, constrict 8, camouflage
1, gelatinous body 1
a: no special abilities


You were on level 4 of the Dungeon.
You were not hungry.

You visited 1 branch of the dungeon, and saw 4 of its levels.

You collected 10 gold pieces.

Inventory:

Hand Weapons
 a - a +0 hand crossbow (weapon)
Missiles
 c - 28 bolts (quivered)
Scrolls
 b - 5 scrolls of identify {unknown}
 f - a scroll of fear {unknown}
Potions
 e - a potion of flight {unknown}
Comestibles
 d - 2 rations


   Skills:
 - Level 1.0 Fighting
 * Level 4.6 Crossbows
 - Level 2.0 Dodging
 - Level 1.0 Spellcasting
 - Level 3.0 Hexes


You had 4 spell levels left.
You knew the following spells:

 Your Spells              Type           Power        Failure   Level  Hunger
a - Corona                Hex            #......      9%          1    ##.....


Dungeon Overview and Level Annotations

Branches:
Dungeon (4/15)
 Temple: D:4-7

Altars:


Innate Abilities, Weirdness & Mutations

You cannot wear most types of armour.
You are very stealthy in the water. (Stealth+)
You are amphibious.
You can wear up to eight rings at the same time.
You can use your tentacles to constrict eight enemies at once.
Your skin changes colour to match your surroundings (Stealth+).
Your rubbery body absorbs attacks. (AC +1, EV +1)


Message History

The centaur skeleton hits you.
* * * LOW HITPOINT WARNING * * *
The centaur skeleton hits you.
* * * LOW HITPOINT WARNING * * *
Firing (i - inventory)
c - 29 bolts (quivered)
Press: ? - help, Shift-Dir - straight line, f/p - centaur skeleton
Aim: a centaur skeleton (moderately damaged)
You shoot a bolt.
The bolt hits the centaur skeleton but does no damage.
The centaur skeleton is moderately damaged.
The centaur skeleton barely misses you.
Firing (i - inventory)
c - 28 bolts (quivered)
Press: ? - help, Shift-Dir - straight line, f/p - centaur skeleton
Aim: a centaur skeleton (moderately damaged)
Okay, then.
It was a potion of degeneration.
There was something very wrong with that liquid.
You feel weakened.
You feel dopey.
You feel clumsy. The centaur skeleton hits you.
You die...

..rZ....
(..S....
........
#.#####........
#.....(#...<...
######........#
. ##(....##. ...
#<.########.....
#(....(Z@..#
##########......
##... #


You could see a centaur skeleton.

Vanquished Creatures
  A howler monkey (D:4)
  A hound skeleton (D:4)
  An adder (D:4)
  2 dart slugs
  4 goblins (D:1)
  A hobgoblin (D:1)
  3 jackals (D:1)
  2 bats (D:1)
  5 kobolds (D:1)
  3 rats
23 creatures vanquished.

Notes
Turn   | Place    | Note
-------+----------+-------------------------------------------
     0 | D:1      | 4thArraOfDagon the Octopode Arcane Marksman began the quest for the Orb.
     0 | D:1      | Reached XP level 1. HP: 13/13 MP: 2/2
    59 | D:1      | Reached XP level 2. HP: 6/18 MP: 3/3
    81 | D:1      | Reached skill level 3 in Crossbows
   257 | D:2      | Reached XP level 3. HP: 21/23 MP: 4/4
   313 | D:4      | Reached skill level 4 in Crossbows
   313 | D:4      | Reached XP level 4. HP: 21/28 MP: 5/5
   325 | D:4      | HP: 1/28 [centaur skeleton (3)]
   327 | D:4      | Slain by a centaur skeleton

Vault maps used:
D:1:      tarquinn_simple_flora_water_d
D:3:      vehumet_crystals, uniq_purgy, uniq_sigmund, uniq_robin, uniq_grinder

Skill      XL: |  1  2  3 |
---------------+----------+-----
Crossbows      | 3 4 |  4.6
Fighting       | |  1.0
Dodging        | |  2.0
Spellcasting   | |  1.0
Hexes          | |  3.0

Action                   |  1- 3 |  4- 6 || total
-------------------------+-------+-------++-------
Melee: Unarmed           |     3 |       ||     3
       Constrict         |     1 |       ||     1
       Tentacles         |     1 |       ||     1
 Fire: Hand crossbow     |    54 |     6 ||    60
  Use: Potion            |     1 |     1 ||     2
Armor: Skin              |     1 |       ||     1
Dodge: Dodged            |    15 |     1 ||    16

Table legend:
 A = Spawn XP
 B = Non-spawn XP
 C = Spawn XP percentage of total XP
 D = Spawn monster count
 E = Non-spawn monster count
 F = Spawn count percentage of total count
 G = Total turns spent on level
                    A         B        C        D         E        F      G
               +---------+---------+-------+---------+---------+-------+---------
         Total |       0 |     123 |   0.0 |       0 |      23 |   0.0 |   327
               +---------+---------+-------+---------+---------+-------+---------
           D:1 |       0 |      31 |   0.0 |       0 |      18 |   0.0 |   233
           D:2 |       0 |       5 |   0.0 |       0 |       2 |   0.0 |    51
           D:4 |       0 |      87 |   0.0 |       0 |       3 |   0.0 |    34
               +---------+---------+-------+---------+---------+-------+---------
